 Dungeon Crawl Stone Soup version 0.24.0-5-g267a8d59f4 (webtiles) character file.

Game seed: 8558205336961359323, levelgen mode: deterministic

86 Esekla the Magician (level 4, -5/25 HPs)
             Began as a Deep Elf Warper on Nov 1, 2019.
             Killed by nerve-wracking pain
             ... invoked by Grinder
              (13 damage)
             ... on level 3 of the Dungeon.
             The game lasted 00:20:39 (3140 turns).

Esekla the Magician (Deep Elf Warper)               Turns: 3140, Time: 00:20:39

Health: -5/25      AC:  6    Str:  8    XL:     4   Next: 26%
Magic:  9/11       EV: 12    Int: 18    God:
Gold:   154        SH:  0    Dex: 15    Spells: 6/10 levels left

rFire    . . .     SeeInvis .   l - +3 short sword (venom)
rCold    . . .     Gourm    .   (no shield)
rNeg     . . .     Faith    .   b - +0 leather armour
rPois    .         Spirit   .   o - +2 helmet
rElec    .         Reflect  .   (no cloak)
rCorr    .         Harm     .   (no gloves)
MR       .....                  (no boots)
Stlth    +.........             (no amulet)
HPRegen  0.08/turn              (no ring)
MPRegen  0.12/turn              (no ring)

@: no status effects
A: no striking features
a: no special abilities


You were on level 3 of the Dungeon.
You were very hungry.

You visited 1 branch of the dungeon, and saw 3 of its levels.

You collected 154 gold pieces.

Inventory:

Hand Weapons
 a - a +0 falchion
 l - a +3 short sword of venom (weapon)
Missiles
 e - 5 boomerangs of dispersal
 p - 5 poisoned darts (quivered)
Armour
 b - a +0 leather armour (worn)
 o - a +2 helmet (worn)
Jewellery
 n - a +3 ring of intelligence
Scrolls
 c - 4 scrolls of magic mapping {unknown}
 d - a scroll of blinking
 g - 3 scrolls of amnesia {unknown}
 h - a scroll of random uselessness {unknown}
 i - a scroll of fog {unknown}
 j - 3 scrolls of remove curse {unknown}
 r - 2 scrolls of identify {unknown}
 s - a scroll of fear {unknown}
Potions
 k - a potion of cancellation {unknown}
 m - a potion of agility {unknown}
 q - a potion of curing {unknown}
 t - a potion of heal wounds
Comestibles
 f - 8 rations


   Skills:
 - Level 1.5 Fighting
 * Level 1.2(2.1) Short Blades
 + Level 2.4(2.6) Long Blades
 - Level 1.0 Throwing
 + Level 1.3 Armour
 + Level 2.8 Dodging
 + Level 0.2 Stealth
 + Level 3.8 Spellcasting
 * Level 1.4 Charms
 + Level 3.5 Translocations


You had 6 spell levels left.
You knew the following spells:

 Your Spells              Type           Power        Failure   Level  Hunger
a - Shroud of Golubria    Chrm/Tloc      ##....       12%         2    ##.....
b - Blink                 Tloc           N/A          8%          2    ##.....

Your spell library contained the following spells:

 Spells                   Type           Power        Failure   Level  Hunger
 Gell's Gravitas          Tloc           ###.......   16%         3    ###....
 Lesser Beckoning         Tloc           ###.......   16%         3    ###....
 Teleport Other           Tloc           ###.....     16%         3    ###....
 Passage of Golubria      Tloc           N/A          45%         4    ####...


Dungeon Overview and Level Annotations

Branches:
Dungeon (3/15)

Altars:
Uskayaw
Wu Jian

Annotations:
D:3 Grinder


Message History

Grinder is lightly wounded.
Your shroud bends Grinder's attack away.
You barely miss Grinder.
Grinder is lightly wounded.
Grinder closely misses you.
You hit Grinder but do no damage.
Grinder is lightly wounded.
Grinder hits you.
You barely miss Grinder.
Grinder is lightly wounded.
Grinder hits you.
Your shroud falls apart!
There is an open door here.
Casting: Shroud of Golubria (safe; 12% risk of failure)
Confirm with . or Enter, or press ? or * to list all spells.
Okay, then.
Grinder gestures at you. Pain shoots through your body!
Ouch! That really hurt!
You die...

#.# #.# ### #.# #.#
#.. #.#
###.######### #..
#.# #...........#
##.. #.#
#...........# #...
#.# #...........#
#... #.#
#..5........# #...
#.# ###'############
#... #.#
#.@..........# #...
#.# ###...######.#
#.>. #.# #.#.# #.#
#... #.# #.#.# #.#
#... #.# #.#.# #.#
#... #.# #.#.# #.#
#... #.#
#.#.######.# ####
#.# #.#........#
#.#######.##########


You could see Grinder.

Vanquished Creatures
  Robin (D:3)
  2 adders (D:2)
  3 dart slugs
  3 giant cockroaches
  14 goblins
  5 hobgoblins
  7 bats
  3 frilled lizards
  4 kobolds
  A leopard gecko skeleton (D:2)
  4 rats
47 creatures vanquished.

Notes
Turn   | Place    | Note
-------+----------+-------------------------------------------
     0 | D:1      | Esekla the Deep Elf Warper began the quest for the Orb.
     0 | D:1      | Reached XP level 1. HP: 12/12 MP: 6/6
   201 | D:1      | Reached XP level 2. HP: 14/16 MP: 8/8
   218 | D:1      | Learned a level 2 spell: Shroud of Golubria
   221 | D:1      | Learned a level 2 spell: Blink
   441 | D:2      | Found an ornate altar of the Wu Jian Council.
   646 | D:2      | Reached skill level 1 in Charms
   820 | D:2      | Reached XP level 3. HP: 20/20 MP: 7/10
  1070 | D:3      | Noticed Robin
  1609 | D:2      | Reached skill level 1 in Armour
  1813 | D:3      | Noticed Grinder
  1827 | D:3      | Paralysed by Grinder for 7 turns
  1904 | D:3      | Killed Robin
  1904 | D:3      | Reached XP level 4. HP: 25/25 MP: 11/11
  1914 | D:3      | Reached skill level 1 in Short Blades
  2501 | D:3      | Found a hide-covered altar of Uskayaw.
  3111 | D:3      | Paralysed by Grinder for 6 turns
  3131 | D:3      | Paralysed by Grinder for 3 turns
  3140 | D:3      | Killed from afar by Grinder

Levels and vault maps discovered:
D:1:      nzn_arrival_depleted_hourglass, layout_loops_ring
D:2:      layout_rooms, lemuel_crystal_altar
D:3:      layout_basic, eat_drink_and_be_merry_uskayaw, uniq_grinder, uniq_robin

Skill      XL: |  1  2  3  4 |
---------------+-------------+-----
Long Blades    | 2 |  2.4
Charms         | 1 |  1.4
Armour         | 1 |  1.3
Short Blades   | 1 |  1.2
Fighting       | |  1.5
Throwing       | |  1.0
Dodging        | |  2.8
Stealth        | |  0.2
Spellcasting   | |  3.8
Translocations | |  3.5

Action                   |  1- 3 |  4- 6 || total
-------------------------+-------+-------++-------
Melee: Falchion          |    75 |       ||    75
       Short sword       |    37 |    30 ||    67
Throw: Dart              |       |     4 ||     4
 Cast: Shroud of Golubri |    10 |     3 ||    13
       Blink             |     4 |     1 ||     5
  Use: Potion            |     2 |       ||     2
  Eat: Chunk             |     3 |       ||     3
       Ration            |       |     1 ||     1
Armor: Leather armour    |    24 |    10 ||    34
Dodge: Dodged            |    78 |    19 ||    97
       Rpst.: Falchion   |    25 |       ||    25
